 Dungeon Sprint DCSS version 0.31-a0-986-g5e6e4ef867 (webtiles) character file.

Game seed: 5246598168832314908

2077 rocky1 the Martial Artist (level 9, -4/61 HPs)
             Began as an Octopode Shapeshifter on Nov 17, 2023.
             Was an Initiate of Gozag.
             Slain by a hornet (8 damage)
             ... while paralysed by a hornet
             ... in the Dungeon (Sprint VII: "The Pits").
             The game lasted 00:04:00 (1868 turns).

rocky1 the Martial Artist (Octopode Shapeshifter)   Turns: 1868, Time: 00:04:00

Health: -4/61      AC:  1    Str: 13    XL:     9   Next: 26%
Magic:  9/9        EV:  2    Int: 15    God:    Gozag
Gold:   351        SH:  0    Dex: 16    Spells: 8/8 levels left

rFire   . .          .
                       - Unarmed
rCold   . . .        (shield currently unavailable)
rNeg    . . .        (helmet restricted)
rPois   .            (no amulet)
rElec   .            a - +3 ring of evasion
rCorr   .            n - +3 ring of intelligence
SInv    .            (no ring)
Will    .....        (no ring)
Stlth   ++           (no ring)
HPRegen 0.30/turn    (no ring)
MPRegen 0.11/turn    (no ring)
                     (no ring)

%: no teleportation
@: paralysed, lethally poisoned (-4 -> -10), flux-form, slowed, glowing
A: glow, contaminating, almost no armour, amphibious, 8 rings, camouflage 1,
gelatinous body 1, (nimble swimmer 1), tentacles
a: Begin Untransformation, Renounce Religion, Potion Petition, Call Merchant,
Bribe Branch


You were in the Dungeon.
You worshipped Gozag.
Gozag was aware of your devotion.
You were something dangerously unstable.
You visited 1 branch You collected 1908 gold pieces.
You spent 944 gold pieces at shops.
You paid 613 gold pieces to Gozag.

Inventory:

Jewellery
 a - a +3 ring of evasion (left tentacle)
 n - a +3 ring of intelligence (right tentacle)
Talismans
 b - a beast talisman
 c - a flux talisman (active)
Scrolls
 i - a scroll of blinking
 k - 2 scrolls of vulnerability
 l - 5 scrolls of amnesia
 m - a scroll of butterflies
 r - a scroll of fear
 s - a scroll of poison
Potions
 d - 6 potions of curing
 e - 7 potions of heal wounds
 f - 3 potions of haste
 g - 4 potions of magic
 h - 5 potions of berserk rage
 j - 2 potions of invisibility
 o - a potion of brilliance
 p - a potion of mutation
 q - a potion of lignification


   Skills:
 * Level 5.6 Fighting
 + Level 6.5 Dodging
 + Level 8.8 Stealth
 * Level 14.9 Unarmed Combat
 * Level 9.6 Shapeshifting


You had 8 spell levels left.
You didn't know any spells.
Your spell library contained the following spells:

 Spells                   Type           Power      Damage    Failure   Level
 Manifold Assault         Tloc           0%         N/A       95%         4
 Vhi's Electric Charge    Tloc/Air       0%         N/A       95%         4
 Alistair's Intoxication  Tmut/Pois      0%         N/A       100%        5
 Malign Gateway           Summ/Tloc      0%         N/A       100%        7


Dungeon Overview and Level Annotations

Branches:
Dungeon (1/1)

Altars:
Ashenzari
Cheibriados
Dithmenos
Elyvilon
Fedhas
Gozag
Hepliaklqana
Kikubaaqudgha
Makhleb
Nemelex Xobeh
Okawaru
Qazlal
Ru
Sif Muna
Trog
Uskayaw
Vehumet
Wu Jian
Xom
Yredelemnul
Zin
The Shining One
Jiyva
Lugonu

Shops:
D *


Innate Abilities, Weirdness & Mutations

You are something dangerously unstable.
You glow with magical radiation, making you easy to see and hit.
Foes you strike become dangerously contaminated with magical radiation.
You are incapable of wielding weapons or throwing items.
You cannot wear most types of armour.
You are amphibious.
You can wear up to eight rings at the same time.
Your skin changes colour to match your surroundings (Stealth+).
Your rubbery body absorbs attacks. (AC +1, EV +1)
((You are camouflaged when in or above water. (Stealth+)))
You have tentacles for arms and can constrict up to eight enemies at once.


Message History

The death knight reflects your damage back at you!
The death knight closely misses you.
Unknown command.
You tentacle-slap the death knight.
The death knight begins to glow.
The death knight is almost dead.
The death knight reflects your damage back at you!
You constrict the death knight.
The death knight reflects your damage back at you!
You tentacle-slap the death knight.
You kill the death knight!
Your damage is reflected back at you!
Your Unarmed Combat skill increases to level 14!
You have reached level 9!
Your experience leads to an increase in your attributes!
Your base attributes are Str 13, Int 12, Dex 14.
Increase (S)trength, (I)ntelligence, or (D)exterity?
You feel agile. x2
Unknown command.
You now have 351 gold pieces (gained 63).
Things that are here:
a +1 battleaxe; a +2 chain mail of poison resistance You start resting.
A hornet is nearby!
A hornet is nearby!
You catch the helpless hornet completely off-guard!
You tentacle-slap the hornet.
The hornet begins to glow.
You grab the hornet.
You squeeze the hornet, but do no damage.
The hornet is lightly wounded.
You constrict the hornet. The hornet stings you!
You suddenly lose the ability to move!
You lose your grip on the hornet.
The hornet stings you!
* * * LOW HITPOINT WARNING * * *
You are poisoned.
You feel yourself slow down. The hornet stings you.
* * * LOW HITPOINT WARNING * * *
You feel as though you will be slow longer.
* * * LOW HITPOINT WARNING * * *
You feel sick. The hornet stings you!
You die...
Your body crumbles into a pile of gold.

_______.# _______.#
_____...###########++######
#######'##................#
(.')))'.##......#..#......#
#######.##................+
.........'................+
####)#####......#y.#......#
[[#.....##..∩...p..)......#
))#####'#####'#####''######
))#...).##.......##''#
))#.....##.......##..#
..###'####.......##..# #
#'#.....##...<...##..# y##
........##.......##..# ...#
........##.......##..## ....e
##########.......##...##......


You could see a hornet (contam).

Vanquished Creatures
  A death knight (D)
  An elephant (D)
  A smoke demon (D)
  A blink frog (D)
  A ynoxinul (D)
  A wraith (D)
  A necrophage (D)
  2 scorpions (D)
  A quasit (D)
  An orc priest (D)
  A gnoll bouda (D)
  An orc wizard (D)
  A gnoll (D)
  4 adders (D)
  2 white imps (D)
  4 orcs (D)
  A ball python (D)
  A giant cockroach (D)
  A goblin (D)
  2 hobgoblins (D)
  A quokka (D)
  A bat (D)
  A giant cockroach zombie (D)
32 creatures vanquished.

Notes
Turn   | Place    | Note
-------+----------+-------------------------------------------
     0 | D        | rocky1 the Octopode Shapeshifter began the quest for the
                  | Orb.
     0 | D        | Reached XP level 1. HP: 13/13 MP: 1/1
    18 | D        | Found a bloodstained altar of Trog.
    18 | D        | Found a shimmering blue altar of Sif Muna.
    18 | D        | Found a viscous altar of Jiyva.
    18 | D        | Found a hazy altar of Hepliaklqana.
    18 | D        | Found an opulent altar of Gozag.
    19 | D        | Found a glowing golden altar of the Shining One.
    19 | D        | Found a glowing silver altar of Zin.
    19 | D        | Found a basalt altar of Yredelemnul.
    19 | D        | Found a shimmering altar of Xom.
    19 | D        | Found an ornate altar of the Wu Jian Council.
    19 | D        | Found a sacrificial altar of Ru.
    19 | D        | Found a stormy altar of Qazlal.
    19 | D        | Found an iron altar of Okawaru.
    19 | D        | Found a sparkling altar of Nemelex Xobeh.
    19 | D        | Found a burning altar of Makhleb.
    19 | D        | Found a blossoming altar of Fedhas.
    19 | D        | Found a white marble altar of Elyvilon.
    19 | D        | Found a shadowy altar of Dithmenos.
    19 | D        | Found a snail-covered altar of Cheibriados.
    22 | D        | Found a corrupted altar of Lugonu.
    22 | D        | Found a radiant altar of Vehumet.
    23 | D        | Found an ancient bone altar of Kikubaaqudgha.
    23 | D        | Found a hide-covered altar of Uskayaw.
    23 | D        | Found a broken altar of Ashenzari.
    26 | D        | Became a worshipper of Gozag Ym Sagoz the Greedy
    69 | D        | Noticed a scorpion
    76 | D        | Killed a scorpion
    77 | D        | Reached skill level 5 in Unarmed Combat
    77 | D        | Reached skill level 5 in Shapeshifting
    77 | D        | Reached XP level 2. HP: 18/18 MP: 2/2
    77 | D        | Reached XP level 3. HP: 23/23 MP: 3/3
    77 | D        | Reached XP level 4. HP: 28/28 MP: 4/4
   259 | D        | Reached skill level 6 in Unarmed Combat
   265 | D        | Reached XP level 5. HP: 16/33 MP: 5/5
   286 | D        | Reached skill level 7 in Unarmed Combat
   625 | D        | Reached skill level 5 in Stealth
   625 | D        | Reached XP level 6. HP: 33/38 MP: 6/6
   643 | D        | Noticed a blink frog
   653 | D        | Killed a blink frog
   654 | D        | Reached skill level 5 in Dodging
   654 | D        | Reached skill level 9 in Unarmed Combat
   770 | D        | Reached skill level 10 in Unarmed Combat
   770 | D        | Reached XP level 7. HP: 35/45 MP: 7/7
   852 | D        | Noticed a smoke demon
   852 | D        | Noticed an elephant
   871 | D        | Killed an elephant
   872 | D        | Reached skill level 11 in Unarmed Combat
   880 | D        | Killed a smoke demon
   881 | D        | Reached skill level 12 in Unarmed Combat
   881 | D        | Reached XP level 8. HP: 38/54 MP: 8/8
  1190 | D        | Bought the Codex of Altered Movement for 768 gold pieces
  1190 | D        | Bought a potion of lignification for 48 gold pieces
  1190 | D        | Bought a scroll of fear for 64 gold pieces
  1190 | D        | Bought a scroll of poison for 64 gold pieces
  1476 | D        | Noticed a wraith
  1488 | D        | Killed a wraith
  1489 | D        | Reached skill level 13 in Unarmed Combat
  1696 | D        | Noticed a hornet
  1696 | D        | Noticed a deep elf pyromancer
  1696 | D        | Noticed a death knight
  1696 | D        | Noticed a two-headed ogre
  1696 | D        | Noticed a ynoxinul
  1717 | D        | Killed a ynoxinul
  1718 | D        | Reached skill level 5 in Fighting
  1815 | D        | Killed a death knight
  1816 | D        | Reached skill level 14 in Unarmed Combat
  1816 | D        | Reached XP level 9. HP: 27/61 MP: 9/9
  1866 | D        | Paralysed by a hornet for 3 turns
  1868 | D        | Slain by a hornet

Illustrated notes

Levels and vault maps discovered:
D:        pitsprint [storerooms_1, entrance_room_1, metal_vault_3, armoury_2,
          mini_pit_1, grid_room_1, main_hall_1, silver_pit, the_coven_1,
          the_vestibule_1, steel_vault_1, golden_pit, hallway_of_sentries,
          crystal_vault_5, iron_vault_5, final_vault]

Skill      XL: |  1  2  3  4  5  6  7  8 |
---------------+-------------------------+-----
Shapeshifting  | 5 6 7 8 9 |  9.6
Stealth        | 2 3 5 7 8 |  8.8
Unarmed Combat | 5 6 7 10 12 14 | 14.9
Dodging        | 3 4 5 6 |  6.5
Fighting       | 2 4 5 |  5.6

Action                     |  1- 3 |  4- 6 |  7- 9 || total
---------------------------+-------+-------+-------++-------
  Melee: Unarmed           |     8 |    36 |    49 ||    93
         Constrict         |     2 |    10 |     6 ||    18
         Tentacles         |     1 |     6 |     5 ||    12
         Punch             |       |     2 |     2 ||     4
 Invoke: Call Merchant     |       |       |     1 ||     1
    Use: Potion            |     1 |       |     6 ||     7
   Stab: Sleeping          |     2 |     2 |       ||     4
         Distracted        |       |       |     1 ||     1
 Armour: Skin              |     1 |    15 |    53 ||    69
  Dodge: Dodged            |     4 |    20 |    25 ||    49
   Form: Flux              |       |     1 |       ||     1

Table legend: (Time is in decaauts)
 A = Elapsed time spent in this place.
 B = Non-inter-level travel time spent in this place.
 C = Inter-level travel time spent in this place.
 D = Time resting spent in this place.
 E = Time spent auto-exploring this place.
 F = Levels seen in this place.
 G = Mean time per level.
                   A        B        C        D        E       F      G
               +--------+--------+--------+--------+--------+-----+--------+
         Total |   1853 |   1792 |     61 |   1400 |      0 |   1 | 1853.0 |
       Dungeon |   1853 |   1792 |     61 |   1400 |      0 |   1 | 1853.0 |
               +--------+--------+--------+--------+--------+-----+--------+

Top non-repeatable levels by time:
       D: 1853 daAuts
